 Dungeon Crawl Stone Soup version 0.29-a0-304-gb34f9e133a (webtiles) character file.

Game seed: 12917449806127446435

642 heavoid the Covered (level 7, -2/61 HPs)
             Began as a Minotaur Fighter on Mar 26, 2022.
             Slain by a vampire mosquito (3 damage)
             ... on level 5 of the Dungeon.
             The game lasted 00:27:07 (4535 turns).

heavoid the Covered (Minotaur Fighter)              Turns: 4535, Time: 00:27:08

Health: -2/61      AC: 10    Str: 25    XL:     7   Next: 26%
Magic:  6/6        EV: 10    Int:  5    God:
Gold:   159        SH:  4    Dex:  9    Spells: 6/6 levels left

rFire   + . .      SeeInvis .   x - +4 spear (venom)
rCold   . . .      Faith    .   c - +0 buckler
rNeg    . . .      Spirit   .   b - +0 scale mail
rPois   .          Reflect  .   (helmet restricted)
rElec   .          Harm     .   e - +0 cloak
rCorr   .          Rampage  .   p - +0 pair of gloves
Will    .....      Clarity  +   (no boots)
Stlth   ..........              (no amulet)
HPRegen 0.20/turn               (no ring)
MPRegen 0.10/turn               (no ring)

@: hasted, studying Conjurations, very quick
A: horns 2, retaliatory headbutt, clarity, fire resistance 1, strong 1
a: no special abilities


You were on level 5 of the Dungeon.
You visited 1 branch of the dungeon, and saw 5 of its levels.

You collected 159 gold pieces.

Inventory:

Hand Weapons
 a - a +0 long sword
 l - a +2 spectral mace
 x - a +4 spear of venom (weapon)
Missiles
 f - 6 poisoned darts
 i - 6 atropa-tipped darts (quivered)
Armour
 b - a +0 scale mail (worn)
 c - a +0 buckler (worn)
 e - a +0 cloak (worn)
 g - a +0 leather armour
 p - a +0 pair of gloves (worn)
Jewellery
 w - a +6 ring of strength
Wands
 h - a wand of flame (8)
 r - a wand of paralysis (7)
Scrolls
 j - 2 scrolls of noise
 k - a scroll of amnesia
 q - a scroll of identify
 t - a scroll of fear
Potions
 d - 2 potions of might
 m - 2 potions of lignification
 n - a potion of curing
 o - a potion of invisibility
 v - a potion of attraction


   Skills:
 + Level 5.2 Fighting
 + Level 4.0 Long Blades
 + Level 4.1 Maces & Flails
 + Level 1.3 Polearms
 + Level 0.7 Throwing
 + Level 5.6 Armour
 + Level 2.1 Dodging
 + Level 1.1 Stealth
 + Level 4.8 Shields


You had 6 spell levels left.
You didn't know any spells.
Your spell library contained the following spells:

 Spells                   Type           Power      Damage    Failure   Level
 Ensorcelled Hibernation  Hex/Ice        0%         N/A       93%         2
 Passwall                 Tmut/Erth      0%         N/A       93%         2
 Swiftness                Air            0%         N/A       99%         3


Dungeon Overview and Level Annotations

Branches:
Dungeon (5/15)
 Temple: D:4-7

Altars:


Innate Abilities, Weirdness & Mutations

You have a pair of horns on your head.
You reflexively headbutt those who attack you in melee.
You possess an exceptional clarity of mind.
Your flesh is heat resistant. (rF+)
Your muscles are strong. (Str +2)


Message History

* * * LOW HITPOINT WARNING * * *
The vampire mosquito draws strength from your injuries!
The vampire mosquito attacks as you move away!
The vampire mosquito bites you but does no damage. x2
The vampire mosquito attacks as you move away!
The vampire mosquito barely misses you. The vampire mosquito bites you.
* * * LOW HITPOINT WARNING * * *
The vampire mosquito draws strength from your injuries!
You block the vampire mosquito's attack.
The vampire mosquito closely misses you.
You furiously retaliate!
You headbutt the vampire mosquito, but do no damage.
You feel yourself speed up.
The vampire mosquito bites you but does no damage.
You block the vampire mosquito's attack.
The vampire mosquito misses you. The vampire mosquito bites you!
* * * LOW HITPOINT WARNING * * *
The vampire mosquito draws strength from your injuries!
The vampire mosquito barely misses you. You furiously retaliate!
You headbutt the vampire mosquito.
The vampire mosquito completely misses you.
The vampire mosquito attacks as you move away!
The vampire mosquito closely misses you.
The vampire mosquito bites you.
* * * LOW HITPOINT WARNING * * *
The vampire mosquito draws strength from your injuries!
You block the vampire mosquito's attack.
The vampire mosquito bites you.
* * * LOW HITPOINT WARNING * * *
The vampire mosquito draws strength from your injuries!
The vampire mosquito attacks as you move away!
The vampire mosquito barely misses you.
The vampire mosquito attacks as you move away!
The vampire mosquito bites you.
* * * LOW HITPOINT WARNING * * *
The vampire mosquito draws strength from your injuries!
Unknown command.
The vampire mosquito attacks as you move away!
The vampire mosquito bites you.
You die...

###...#...#
##.....#...#######
###......#...........
........#............
##.......#...........
#.......#...........
#.......#...........
#########.......#y..........
..............#.@y...Y......
#############.##.y..........
.####.....#.#.##....!.......
......#.....#.##.>.†........
..#####.#.#.#.###...........
))# #.#.# #.# #..$........
..# #.#.# #.# #...†.......
..# #.#<# .# #.##.#######
..#####.###.# #. #.#


You could see 3 vampire mosquitoes and a sky beast.

Vanquished Creatures
  A vampire mosquito (D:5)
  A necrophage (D:5)
  A scorpion (D:5)
  A killer bee (D:4)
  2 howler monkeys
  Jessica (D:2)
  An iguana (D:4)
  10 gnolls
  2 adders
  An ufetubus (D:5)
  A worm (D:2)
  2 dart slugs
  4 orcs
  7 ball pythons
  5 bats
  9 endoplasms
  2 giant cockroaches
  4 goblins
  9 hobgoblins
  8 jackals
  7 quokkas
  3 frilled lizards
  8 kobolds
  7 rats
97 creatures vanquished.

Notes
Turn   | Place    | Note
-------+----------+-------------------------------------------
     0 | D:1      | heavoid the Minotaur Fighter began the quest for the Orb.
     0 | D:1      | Reached XP level 1. HP: 19/19 MP: 0/0
   103 | D:1      | Reached XP level 2. HP: 10/27 MP: 1/1
   932 | D:1      | Found a faded altar of an unknown god.
   941 | D:1      | Reached XP level 3. HP: 33/33 MP: 2/2
  1553 | D:2      | Noticed Jessica
  1566 | D:2      | Killed Jessica
  1567 | D:2      | Reached skill level 1 in Dodging
  1567 | D:2      | Reached XP level 4. HP: 31/41 MP: 3/3
  1602 | D:2      | Gained mutation: Your flesh is heat resistant. (rF+)
                  | [potion of mutation]
  1602 | D:2      | Gained mutation: Your muscles are strong. (Str +2) [potion
                  | of mutation]
  1602 | D:2      | Gained mutation: You possess an exceptional clarity of
                  | mind. [potion of mutation]
  2461 | D:3      | Reached skill level 1 in Maces & Flails
  3012 | D:4      | Reached XP level 5. HP: 42/47 MP: 4/4
  3697 | D:4      | Reached XP level 6. HP: 41/55 MP: 5/5
  4018 | D:5      | Entered Level 5 of the Dungeon
  4097 | D:5      | Reached skill level 5 in Fighting
  4097 | D:5      | Reached skill level 5 in Armour
  4214 | D:5      | Noticed a vampire mosquito
  4215 | D:5      | Noticed a vampire mosquito
  4215 | D:5      | Noticed a vampire mosquito
  4215 | D:5      | Noticed a vampire mosquito
  4225 | D:5      | Killed a vampire mosquito
  4226 | D:5      | Reached skill level 1 in Polearms
  4226 | D:5      | Reached skill level 1 in Stealth
  4226 | D:5      | Reached XP level 7. HP: 16/61 MP: 6/6
  4533 | D:5      | HP: 3/61 [vampire mosquito (3)]
  4534 | D:5      | HP: 1/61 [vampire mosquito (2)]
  4535 | D:5      | Slain by a vampire mosquito

Illustrated notes

Levels and vault maps discovered:
D:1:      matt_arrival_spirals, layout_loops_cross,
          hellmonk_ecumenical_altar_dog_temple, skrybe_limestone_x
D:2:      layout_loops_ring, uniq_jessica
D:3:      layout_loops_ring
D:4:      layout_loops_cross, minmay_manual_mandibuliform
D:5:      layout_basic, temple_green, kennysheep_potato

Skill      XL: |  1  2  3  4  5  6 |
---------------+-------------------+-----
Fighting       | 4 5 |  5.2
Shields        | 4 |  4.8
Long Blades    | 3 4 |  4.0
Armour         | 4 5 |  5.6
Dodging        | 1 2 |  2.1
Maces & Flails | 1 2 4 |  4.1
Polearms       | 1 |  1.3
Stealth        | 1 |  1.1
Throwing       | |  0.7

Action                   |  1- 3 |  4- 6 |  7- 9 || total
-------------------------+-------+-------+-------++-------
Melee: Long sword        |    59 |       |       ||    59
       Headbutt          |    14 |    10 |     1 ||    25
       Mace              |    33 |    71 |       ||   104
       Spear             |       |    26 |     8 ||    34
Throw: Dart              |     1 |     6 |       ||     7
  Use: Scroll            |     6 |     4 |     1 ||    11
       Potion            |     2 |     5 |     1 ||     8
 Stab: Distracted        |       |     1 |       ||     1
Armor: Scale mail        |    42 |    37 |    10 ||    89
Dodge: Dodged            |    50 |    44 |    15 ||   109
Block: Buckler           |    21 |    28 |     8 ||    57

Table legend: (Time is in decaauts)
 A = Elapsed time spent in this place.
 B = Non-inter-level travel time spent in this place.
 C = Inter-level travel time spent in this place.
 D = Time resting spent in this place.
 E = Time spent auto-exploring this place.
 F = Levels seen in this place.
 G = Mean time per level.
                   A        B        C        D        E       F      G
               +--------+--------+--------+--------+--------+-----+--------+
         Total |   4589 |   4589 |      0 |      0 |   2332 |   5 |  917.8 |
       Dungeon |   4589 |   4589 |      0 |      0 |   2332 |   5 |  917.8 |
               +--------+--------+--------+--------+--------+-----+--------+

Top non-repeatable levels by time:
     D:1: 1205 daAuts
     D:4: 1164 daAuts
     D:2: 955 daAuts
     D:3: 744 daAuts
     D:5: 521 daAuts
